% Time on Ice - SEATTLE GRUNGE
Lines # - Real PCT - Wanted PCT - Time Play
Normal Forward
1 - 31% - 36% - 13:49
2 - 27% - 31% - 12:07
3 - 26% - 23% - 11:33
4 - 15% - 10% - 6:49
Normal Defense
1 - 35% - 36% - 15:35
2 - 32% - 31% - 13:59
3 - 30% - 23% - 13:21
4 - 3% - 10% - 1:23
PP Forward
1 - 52% - 55% - 4:07
2 - 48% - 45% - 3:49
PP Defense
1 - 51% - 55% - 4:04
2 - 49% - 45% - 3:52
PK Forward
1 - 65% - 55% - 5:02
2 - 35% - 45% - 2:44
PK Defense
1 - 58% - 55% - 4:30
2 - 42% - 45% - 3:16
PK3 Forward
1 - 0% - 55%
2 - 0% - 45%
PK3 Defense
1 - 0% - 55%
2 - 0% - 45%
44 Forward
1 - 0% - 55%
2 - 0% - 45%
44 Defense
1 - 0% - 55%
2 - 0% - 45%
Last Minute Offensive  - 0:00
Last Minute Defensive  - 0:00
Total
Forward - 60:00
Defense - 60:00
% Time on Ice - SAN FRANCISCO SPIDERS
Lines # - Real PCT - Wanted PCT - Time Play
Normal Forward
1 - 32% - 35% - 14:07
2 - 34% - 35% - 15:16
3 - 22% - 25% - 9:43
4 - 12% - 5% - 5:12
Normal Defense
1 - 32% - 40% - 14:18
2 - 32% - 40% - 14:17
3 - 21% - 20% - 9:14
4 - 15% - 0% - 6:29
PP Forward
1 - 56% - 50% - 4:21
2 - 44% - 50% - 3:25
PP Defense
1 - 54% - 50% - 4:13
2 - 46% - 50% - 3:33
PK Forward
1 - 44% - 50% - 3:28
2 - 56% - 50% - 4:28
PK Defense
1 - 59% - 50% - 4:39
2 - 41% - 50% - 3:17
PK3 Forward
1 - 0% - 55%
2 - 0% - 45%
PK3 Defense
1 - 0% - 50%
2 - 0% - 50%
44 Forward
1 - 0% - 55%
2 - 0% - 45%
44 Defense
1 - 0% - 55%
2 - 0% - 45%
Last Minute Offensive  - 0:00
Last Minute Defensive  - 0:00
Total
Forward - 60:00
Defense - 60:00
Play-by-Play 1st period 0:01 of 1st period - Bo Horvat wins face-off versus Tomas Tatar in neutral zone. 0:15 of 1st period - Bo Horvat is hit by Roman Josi and loses puck. 1:12 of 1st period - Shot by Zach Hyman. 1:12 of 1st period - Stopped by Devan Dubnyk without a rebound. 1:13 of 1st period - Jared McCann wins face-off versus Rem Pitlick in SEATTLE GRUNGE zone. 1:18 of 1st period - Shot by Jared McCann. 1:18 of 1st period - Stopped by Devan Dubnyk with a rebound. 1:26 of 1st period - Shot by Jakub Vrana. 1:26 of 1st period - Shot Misses the Net. 1:28 of 1st period - Shot by Garnet Hathaway. 1:28 of 1st period - Shot Misses the Net. 1:30 of 1st period - Shot by Danny DeKeyser. 1:30 of 1st period - Stopped by Malcolm Subban without a rebound. 1:31 of 1st period - Riley Sheahan wins face-off versus Zach Hyman in SAN FRANCISCO SPIDERS zone. 1:31 of 1st period - Riley Sheahan is hit by Michael Anderson. 1:56 of 1st period - Viktor Arvidsson is hit by Morgan Geekie. 2:23 of 1st period - Icing by Morgan Geekie. 2:24 of 1st period - Jared McCann wins face-off versus Riley Sheahan in SEATTLE GRUNGE zone. 2:27 of 1st period - Shot by Kirby Dach. 2:27 of 1st period - Deflect By Jared McCann. 2:27 of 1st period - Stopped by Devan Dubnyk with a rebound. 3:26 of 1st period - Shot by Bo Horvat. 3:26 of 1st period - Goal by Bo Horvat - SEATTLE GRUNGE : 0 - SAN FRANCISCO SPIDERS : 1. 3:27 of 1st period - Warren Foegele wins face-off versus Trent Frederic in neutral zone. 3:37 of 1st period - Shot by Zack Kassian. 3:37 of 1st period - Stopped by Devan Dubnyk with a rebound. 4:03 of 1st period - Shot by Warren Foegele. 4:03 of 1st period - Shot Blocked by Michael Anderson. 4:05 of 1st period - Shot by David Savard. 4:05 of 1st period - Shot Blocked by Sean Walker. 4:07 of 1st period - Shot by Milan Lucic. 4:07 of 1st period - Stopped by Malcolm Subban without a rebound. 4:08 of 1st period - Bo Horvat wins face-off versus Tyler Seguin in SAN FRANCISCO SPIDERS zone. 4:23 of 1st period - Shot by Mark Stone. 4:23 of 1st period - Goal by Mark Stone - SEATTLE GRUNGE : 0 - SAN FRANCISCO SPIDERS : 2. 4:24 of 1st period - Rem Pitlick wins face-off versus Zach Hyman in neutral zone. 4:34 of 1st period - Shot by Rem Pitlick. 4:34 of 1st period - Shot Blocked by Adam Larsson. 4:36 of 1st period - Shot by Travis Sanheim. 4:36 of 1st period - Stopped by Malcolm Subban with a rebound. 5:54 of 1st period - Shot by Tyler Seguin. 5:54 of 1st period - Shot Misses the Net. 6:01 of 1st period - Icing by Erik Gudbranson. 6:02 of 1st period - Zach Hyman wins face-off versus Riley Sheahan in SAN FRANCISCO SPIDERS zone. 6:55 of 1st period - Shot by Bo Horvat. 6:55 of 1st period - Shot Misses the Net. 6:57 of 1st period - Shot by Sean Walker. 6:57 of 1st period - Shot Misses the Net. 7:07 of 1st period - Shot by Andrei Svechnikov. 7:07 of 1st period - Shot Misses the Net. 7:11 of 1st period - Shot by Andrei Svechnikov. 7:11 of 1st period - Shot Misses the Net. 7:13 of 1st period - Shot by Mark Stone. 7:13 of 1st period - Goal by Mark Stone - SEATTLE GRUNGE : 0 - SAN FRANCISCO SPIDERS : 3. 7:14 of 1st period - Rem Pitlick wins face-off versus Jared McCann in neutral zone. 8:07 of 1st period - Minor Penalty to David Savard for Holding. 8:08 of 1st period - Bo Horvat wins face-off versus Tyler Seguin in SEATTLE GRUNGE zone. 8:11 of 1st period - Shot by Mark Stone. 8:11 of 1st period - Shot Misses the Net. 8:13 of 1st period - Shot by Brenden Dillon. 8:13 of 1st period - Stopped by Devan Dubnyk with a rebound. 8:15 of 1st period - Shot by Jared McCann. 8:15 of 1st period - Stopped by Devan Dubnyk with a rebound. 8:17 of 1st period - Shot by Bo Horvat. 8:17 of 1st period - Shot Misses the Net. 9:42 of 1st period - Bo Horvat is hit by Garnet Hathaway and loses puck. 10:24 of 1st period - Zack Kassian is hit by Morgan Geekie and loses puck. 10:56 of 1st period - Sean Durzi is hit by Riley Sheahan and loses puck. 11:11 of 1st period - Shot by T.J. Tynan. 11:11 of 1st period - Shot Blocked by Erik Gudbranson. 11:13 of 1st period - Shot by Warren Foegele. 11:13 of 1st period - Stopped by Malcolm Subban with a rebound. 11:15 of 1st period - Shot by Nikita Zaitsev. 11:15 of 1st period - Shot Misses the Net. 11:46 of 1st period - T.J. Tynan is hit by Bo Horvat and loses puck. 12:32 of 1st period - Off-side. 12:33 of 1st period - Zach Hyman wins face-off versus Tomas Tatar in neutral zone. 12:35 of 1st period - Viktor Arvidsson is hit by Nicolas Meloche and loses puck. 12:58 of 1st period - Nicolas Meloche is hit by Zach Hyman and loses puck. 13:13 of 1st period - Shot by Viktor Arvidsson. 13:13 of 1st period - Stopped by Devan Dubnyk without a rebound. 13:14 of 1st period - Rem Pitlick wins face-off versus Trent Frederic in SEATTLE GRUNGE zone. 13:14 of 1st period - Rem Pitlick is hit by Zack Kassian. 13:29 of 1st period - Shot by Garnet Hathaway. 13:29 of 1st period - Shot Misses the Net. 13:31 of 1st period - Shot by Garnet Hathaway. 13:31 of 1st period - Shot Misses the Net. 13:33 of 1st period - Shot by David Savard. 13:33 of 1st period - Goal by David Savard - SEATTLE GRUNGE : 1 - SAN FRANCISCO SPIDERS : 3. 13:34 of 1st period - Bo Horvat wins face-off versus Riley Sheahan in neutral zone. 13:41 of 1st period - Shot by Andrei Svechnikov. 13:41 of 1st period - Deflect By Mark Stone. 13:41 of 1st period - Shot Misses the Net. 13:57 of 1st period - Shot by Bo Horvat. 13:57 of 1st period - Stopped by Devan Dubnyk with a rebound. 14:25 of 1st period - Shot by Tomas Tatar. 14:25 of 1st period - Shot Misses the Net. 15:07 of 1st period - Icing by Zach Hyman. 15:08 of 1st period - Rem Pitlick wins face-off versus Zach Hyman in SAN FRANCISCO SPIDERS zone. 15:11 of 1st period - Shot by Jakub Vrana. 15:11 of 1st period - Shot Misses the Net. 15:13 of 1st period - Shot by Jakub Vrana. 15:13 of 1st period - Stopped by Malcolm Subban with a rebound. 15:15 of 1st period - Shot by Jakub Vrana. 15:15 of 1st period - Shot Misses the Net. 15:19 of 1st period - Shot by Garnet Hathaway. 15:19 of 1st period - Stopped by Malcolm Subban without a rebound. 15:20 of 1st period - Jared McCann wins face-off versus Milan Lucic in SAN FRANCISCO SPIDERS zone. 15:20 of 1st period - Minor Penalty to Milan Lucic for Hooking. 15:21 of 1st period - Zach Hyman wins face-off versus Tyler Seguin in SEATTLE GRUNGE zone. 15:21 of 1st period - Trevor Moore is hit by David Savard and loses puck. 15:38 of 1st period - Icing by Zach Hyman. 15:39 of 1st period - Tyler Seguin wins face-off versus Zach Hyman in SAN FRANCISCO SPIDERS zone. 15:54 of 1st period - Shot by Andrei Svechnikov. 15:54 of 1st period - Shot Misses the Net. 15:56 of 1st period - Shot by Adam Larsson. 15:56 of 1st period - Stopped by Devan Dubnyk without a rebound. 15:57 of 1st period - Bo Horvat wins face-off versus Tyler Seguin in SEATTLE GRUNGE zone. 16:23 of 1st period - Shot by Jakub Vrana. 16:23 of 1st period - Stopped by Malcolm Subban without a rebound. 16:24 of 1st period - Tyler Seguin wins face-off versus Zach Hyman in SAN FRANCISCO SPIDERS zone. 16:53 of 1st period - Shot by Andrei Svechnikov. 16:53 of 1st period - Shot Misses the Net. 16:55 of 1st period - Shot by Zach Hyman. 16:55 of 1st period - Shot Misses the Net. 16:57 of 1st period - Shot by Brenden Dillon. 16:57 of 1st period - Stopped by Devan Dubnyk without a rebound. 16:58 of 1st period - Bo Horvat wins face-off versus Jakub Vrana in SEATTLE GRUNGE zone. 17:36 of 1st period - Icing by Carl Hagelin. 17:37 of 1st period - Riley Sheahan wins face-off versus Zach Hyman in SEATTLE GRUNGE zone. 17:37 of 1st period - Riley Sheahan is hit by Alexander Kerfoot. 18:22 of 1st period - Minor Penalty to Zach Hyman for Hooking. 18:23 of 1st period - Rem Pitlick wins face-off versus Andrei Svechnikov in SAN FRANCISCO SPIDERS zone. 18:24 of 1st period - Shot by Roman Josi. 18:24 of 1st period - Stopped by Malcolm Subban without a rebound. 18:25 of 1st period - Andrei Svechnikov wins face-off versus Rem Pitlick in SAN FRANCISCO SPIDERS zone. 18:39 of 1st period - Shot by Roman Josi. 18:39 of 1st period - Stopped by Malcolm Subban with a rebound. 18:41 of 1st period - Shot by Rem Pitlick. 18:41 of 1st period - Shot Blocked by Andrei Svechnikov. 18:43 of 1st period - Shot by Rem Pitlick. 18:43 of 1st period - Stopped by Malcolm Subban with a rebound. 18:45 of 1st period - Shot by David Savard. 18:45 of 1st period - Stopped by Malcolm Subban without a rebound. 18:46 of 1st period - Tyler Seguin wins face-off versus Kirby Dach in SAN FRANCISCO SPIDERS zone. 18:47 of 1st period - Shot by Tomas Tatar. 18:47 of 1st period - Shot Misses the Net. 18:49 of 1st period - Shot by Carl Hagelin. 18:49 of 1st period - Deflect By Tyler Seguin. 18:49 of 1st period - Shot Misses the Net. 18:51 of 1st period - Shot by Nikita Zaitsev. 18:51 of 1st period - Stopped by Malcolm Subban without a rebound. 18:52 of 1st period - Rem Pitlick wins face-off versus Kirby Dach in SAN FRANCISCO SPIDERS zone. 19:15 of 1st period - Shot by Roman Josi. 19:15 of 1st period - Stopped by Malcolm Subban with a rebound. 19:57 of 1st period - Shot by Tyler Seguin. 19:57 of 1st period - Stopped by Malcolm Subban without a rebound. 19:58 of 1st period - Andrei Svechnikov wins face-off versus Tyler Seguin in SAN FRANCISCO SPIDERS zone. Goals for this period are 1 for SEATTLE GRUNGE vs 3 for SAN FRANCISCO SPIDERS. Shots for this period are 15 for SEATTLE GRUNGE vs 13 for SAN FRANCISCO SPIDERS. 2nd period 0:01 of 2nd period - Tyler Seguin wins face-off versus Kirby Dach in neutral zone. 0:09 of 2nd period - Shot by Tomas Tatar. 0:09 of 2nd period - Stopped by Malcolm Subban with a rebound. 0:11 of 2nd period - Shot by Carl Hagelin. 0:11 of 2nd period - Deflect By Tyler Seguin. 0:11 of 2nd period - Shot Blocked by Mark Stone. 0:13 of 2nd period - Shot by Roman Josi. 0:13 of 2nd period - Shot Misses the Net. 0:15 of 2nd period - Shot by Tomas Tatar. 0:15 of 2nd period - Stopped by Malcolm Subban without a rebound. 0:16 of 2nd period - Rem Pitlick wins face-off versus Andrei Svechnikov in SAN FRANCISCO SPIDERS zone. 0:17 of 2nd period - Shot by Garnet Hathaway. 0:17 of 2nd period - Stopped by Malcolm Subban without a rebound. 0:18 of 2nd period - Tyler Seguin wins face-off versus Andrei Svechnikov in SAN FRANCISCO SPIDERS zone. 0:19 of 2nd period - Shot by Roman Josi. 0:19 of 2nd period - Stopped by Malcolm Subban without a rebound. 0:20 of 2nd period - Andrei Svechnikov wins face-off versus Tyler Seguin in SAN FRANCISCO SPIDERS zone. 0:33 of 2nd period - Shot by Kirby Dach. 0:33 of 2nd period - Stopped by Devan Dubnyk with a rebound. 0:35 of 2nd period - Shot by Erik Gudbranson. 0:35 of 2nd period - Stopped by Devan Dubnyk without a rebound. 0:36 of 2nd period - Bo Horvat wins face-off versus Tyler Seguin in SEATTLE GRUNGE zone. 1:07 of 2nd period - Shot by Bo Horvat. 1:07 of 2nd period - Stopped by Devan Dubnyk with a rebound. 1:09 of 2nd period - Shot by Bo Horvat. 1:09 of 2nd period - Stopped by Devan Dubnyk with a rebound. 1:51 of 2nd period - Shot by Trevor Moore. 1:51 of 2nd period - Stopped by Devan Dubnyk without a rebound. 1:52 of 2nd period - Zach Hyman wins face-off versus Rem Pitlick in SEATTLE GRUNGE zone. 2:30 of 2nd period - Shot by Alexander Kerfoot. 2:30 of 2nd period - Shot Misses the Net. 2:48 of 2nd period - Shot by Kirby Dach. 2:48 of 2nd period - Shot Blocked by Nikita Zaitsev. 2:50 of 2nd period - Shot by Trevor Moore. 2:50 of 2nd period - Shot Blocked by Danny DeKeyser. 2:52 of 2nd period - Shot by Jared McCann. 2:52 of 2nd period - Shot Misses the Net. 2:54 of 2nd period - Shot by Kirby Dach. 2:54 of 2nd period - Shot Misses the Net. 3:06 of 2nd period - Shot by Jared McCann. 3:06 of 2nd period - Stopped by Devan Dubnyk without a rebound. 3:07 of 2nd period - Bo Horvat wins face-off versus Warren Foegele in SEATTLE GRUNGE zone. 3:08 of 2nd period - Shot by Mark Stone. 3:08 of 2nd period - Stopped by Devan Dubnyk without a rebound. 3:09 of 2nd period - Bo Horvat wins face-off versus Riley Sheahan in SEATTLE GRUNGE zone. 3:14 of 2nd period - Shot by Mark Stone. 3:14 of 2nd period - Stopped by Devan Dubnyk without a rebound. 3:15 of 2nd period - Bo Horvat wins face-off versus Warren Foegele in SEATTLE GRUNGE zone. 3:23 of 2nd period - Minor Penalty to Se